 Dungeon Crawl Stone Soup version 0.27.1-35-g4d5d836560 (webtiles) character file.

Game seed: 11781982942185569177

1608 Delamore the Slicer (level 8, 0/50 HPs)
             Began as an Octopode Brigand on May 17, 2022.
             Was an Initiate of Gozag.
             Slain by a sun demon (10 damage)
             ... summoned by a kobold demonologist
             ... on level 6 of the Dungeon.
             The game lasted 00:09:55 (7838 turns).

Delamore the Slicer (Octopode Brigand)              Turns: 7838, Time: 00:09:55

Health: 0/50       AC:  1    Str: 11    XL:     8   Next: 95%
Magic:  8/8        EV: 16    Int: 13    God:    Gozag
Gold:   615        SH:  0    Dex: 15    Spells: 7/7 levels left

rFire    . . .     SeeInvis .   j - +1 dagger (drain)
rCold    . . .     Faith    .   (no shield)
rNeg     + . .     Spirit   .   (helmet restricted)
rPois    .         Reflect  .   (no amulet)
rElec    .         Harm     .   k - ring of fire
rCorr    .         Rampage  .   y - ring of ice
Will     .....                  B - +4 ring of evasion
Stlth    ++++......             C - ring of positive energy
HPRegen  0.16/turn              (no ring)
MPRegen  0.11/turn              (no ring)
                                (no ring)
                                (no ring)

@: no status effects
A: almost no armour, amphibious, 8 rings, camouflage 1, gelatinous body 1,
(nimble swimmer 1), tentacles
a: Renounce Religion, Potion Petition, Call Merchant, Bribe Branch


You were on level 6 of the Dungeon.
You worshipped Gozag.
Gozag was pleased with you.
You visited 1 branch of the dungeon, and saw 6 of its levels.

You collected 953 gold pieces.
You spent 298 gold pieces at shops.
You paid 40 gold pieces to Gozag.

Inventory:

Hand Weapons
 a - a +3 dagger
 j - a +1 dagger of draining (weapon)
 x - a +5 short sword
Missiles
 b - 3 poisoned darts
 c - a curare-tipped dart (quivered)
 u - 287 stones
 z - a boomerang
Jewellery
 k - a ring of fire (left tentacle)
 y - a ring of ice (right tentacle)
 B - a +4 ring of evasion (on tentacle)
 C - a ring of positive energy (on tentacle)
Wands
 A - a wand of polymorph (9)
Scrolls
 e - 2 scrolls of magic mapping
 f - 2 scrolls of enchant weapon
 m - a scroll of holy word
 n - a scroll of teleportation
 q - a scroll of amnesia
 t - a scroll of vulnerability {unknown}
 D - a scroll of blinking
 E - a scroll of fear
 G - a scroll of fog
Potions
 d - a potion of mutation {unknown}
 g - a potion of ambrosia {unknown}
 h - a potion of magic {unknown}
 i - a potion of cancellation {unknown}
 l - 4 potions of flight {unknown}
 o - 3 potions of heal wounds
 p - a potion of haste {unknown}
 r - 2 potions of attraction {unknown}
 s - 3 potions of curing
 v - a potion of brilliance {unknown}
 w - 3 potions of lignification {unknown}


   Skills:
 - Level 2.0 Fighting
 * Level 9.6 Short Blades
 - Level 6.0 Throwing
 - Level 1.0 Dodging
 - Level 5.3 Stealth


You had 7 spell levels left.
You didn't know any spells.
Your spell library contained the following spells:

 Spells                   Type           Power      Damage    Failure   Level
 Slow                     Hex            0%         N/A       43%         2
 Confusing Touch          Hex            0%         N/A       67%         3
 Ozocubu's Armour         Ice            0%         N/A       67%         3
 Yara's Violent Unravell  Hex/Tmut       0%         3d3       100%        5
 Ozocubu's Refrigeration  Ice            0%         4d5       100%        7


Dungeon Overview and Level Annotations

Branches:
Dungeon (6/15)             Temple (0/1) D:6

Altars:
Gozag
Hepliaklqana
Makhleb
Ru
Sif Muna
Zin

Shops:
D:2 :(   D:5 *   D:6 ??!?


Innate Abilities, Weirdness & Mutations

You cannot wear most types of armour.
You are amphibious.
You can wear up to eight rings at the same time.
Your skin changes colour to match your surroundings (Stealth+).
Your rubbery body absorbs attacks. (AC +1, EV +1)
((You are camouflaged near water. (Stealth+)))
You have tentacles for arms and can constrict up to eight enemies at once.


Message History

The floor.
Throw: 3 darts (curare)
Press: ? - help, Q - select action, (/) - cycle Shift-Dir - straight line, f - kobold demonologist
Aim: a kobold demonologist, wielding a +0 dagger and wearing a +0 robe (53% to hit)
You throw a curare-tipped dart.
The curare-tipped dart hits the kobold demonologist.
The kobold demonologist is poisoned.
The kobold demonologist convulses.
The kobold demonologist seems to slow down.
The kobold demonologist is lightly wounded.
The kobold demonologist casts a spell.
A kobold comes into view. It is wielding a +0 dagger.
The kobold shouts!
You hear a shout!
Throw: 2 darts (curare)
Press: ? - help, Q - select action, (/) - cycle Shift-Dir - straight line, f/p - kobold demonologist
Aim: a kobold demonologist, wielding a +0 dagger and wearing a +0 robe (lightly wounded, very poisoned, slow, 53% to hit)
You throw a curare-tipped dart.
The curare-tipped dart barely misses the kobold demonologist.
You closely miss the kobold demonologist.
Your grab misses the kobold demonologist.
Your squeeze misses the kobold demonologist.
The kobold demonologist is lightly wounded.
The sun demon barely misses you.
You barely miss the kobold demonologist.
You grab the kobold demonologist.
The kobold demonologist is lightly wounded.
You constrict the kobold demonologist.
The kobold demonologist hits you with a +0 dagger.
The sun demon hits you.
You are engulfed in flames!!
You hit the kobold demonologist but do no damage.
You drain the kobold demonologist. You squeeze the kobold demonologist.
The kobold demonologist is moderately wounded.
You constrict the kobold demonologist. You hit the kobold demonologist.
You drain the kobold demonologist.
The kobold demonologist is heavily wounded.
You constrict the kobold demonologist, but do no damage.
The sun demon hits you!
* * * LOW HITPOINT WARNING * * *
You are engulfed in flames!
You die...
Your body crumbles into a pile of gold.

#.#
#.#
#.#K#
#.#K#
#.#K#
#.#.#
#.#.#
#.#.#
#@#.#
#3KK#
#####


You could see a sun demon (summoned), a kobold demonologist (very poisoned,
slow, drained) and a kobold.

Vanquished Creatures
  An orc warrior (D:6)
  2 ice beasts (D:6)
  A black bear (D:4)
  3 ogres
  4 kobold brigands (D:4)
  2 scorpions (D:4)
  2 jellies (D:5)
  5 hounds
  Crazy Yiuf (D:2)
  An iguana (D:5)
  4 orc wizards (D:6)
  5 gnolls (D:4)
  A howler monkey skeleton (D:5)
  5 adders
  A white imp (D:5)
  A worm (D:2)
  4 dart slugs
  10 orcs
  5 bats
  4 endoplasms
  4 giant cockroaches
  8 goblins
  5 hobgoblins
  2 jackals (D:5)
  55 kobolds
  3 quokkas
  3 ball pythons
  3 frilled lizards
  6 rats
151 creatures vanquished.

Vanquished Creatures (others)
  A water moccasin (D:6)
  An adder (D:6)
  An orc (D:6)
3 creatures vanquished.

Grand Total: 154 creatures vanquished

Notes
Turn   | Place    | Note
-------+----------+-------------------------------------------
     0 | D:1      | Delamore the Octopode Brigand began the quest for the Orb.
     0 | D:1      | Reached XP level 1. HP: 14/14 MP: 1/1
   500 | D:1      | Reached XP level 2. HP: 19/19 MP: 2/2
  1115 | D:2      | Reached skill level 3 in Short Blades
  1121 | D:2      | Reached XP level 3. HP: 16/24 MP: 3/3
  1726 | D:2      | Found a runed translucent door.
  1727 | D:2      | Noticed Crazy Yiuf
  1782 | D:2      | Found Uxkiq's Weapon Shoppe.
  1825 | D:2      | Found Piusog's Book Shop.
  2236 | D:2      | Killed Crazy Yiuf
  2237 | D:2      | Reached XP level 4. HP: 29/29 MP: 4/4
  2486 | D:3      | Found a glowing silver altar of Zin.
  2486 | D:3      | Found an opulent altar of Gozag.
  2492 | D:3      | Became a worshipper of Gozag Ym Sagoz the Greedy
  2588 | D:3      | Found a shimmering blue altar of Sif Muna.
  2778 | D:3      | Reached skill level 4 in Short Blades
  3111 | D:4      | Noticed a scorpion
  3117 | D:4      | Killed a scorpion
  3118 | D:4      | Reached XP level 5. HP: 24/34 MP: 5/5
  3240 | D:4      | Noticed a black bear
  3246 | D:4      | Killed a black bear
  3247 | D:4      | Reached skill level 5 in Short Blades
  3247 | D:4      | Reached XP level 6. HP: 23/39 MP: 6/6
  3410 | D:4      | Found a sacrificial altar of Ru.
  4080 | D:4      | Reached skill level 6 in Short Blades
  4080 | D:4      | Reached XP level 7. HP: 19/45 MP: 7/7
  5511 | D:4      | Reached skill level 7 in Short Blades
  5511 | D:4      | Reached skill level 5 in Throwing
  5838 | D:5      | Entered Level 5 of the Dungeon
  6027 | D:5      | Reached XP level 8. HP: 50/50 MP: 8/8
  6091 | D:5      | Found a hazy altar of Hepliaklqana.
  6154 | D:5      | Reached skill level 8 in Short Blades
  6362 | D:5      | Found a burning altar of Makhleb.
  6536 | D:5      | Found Jivvoibi's Assorted Antiques.
  7127 | D:6      | Found a staircase to the Ecumenical Temple.
  7200 | D:6      | Found Cyxecrac's Magic Scroll Emporium.
  7235 | D:6      | Bought a scroll of blinking for 105 gold pieces
  7235 | D:6      | Bought a scroll of fear for 49 gold pieces
  7235 | D:6      | Bought a scroll of identify for 28 gold pieces
  7235 | D:6      | Bought a scroll of fog for 28 gold pieces
  7250 | D:6      | Found Muzu's Distillery.
  7265 | D:6      | Bought a potion of curing for 33 gold pieces
  7265 | D:6      | Bought a potion of heal wounds for 55 gold pieces
  7280 | D:6      | Reached skill level 9 in Short Blades
  7465 | D:6      | Found Popipp's Magic Scroll Shop.
  7476 | D:6      | Found Ummunt's Magic Scroll Shop.
  7800 | D:6      | Noticed a kobold demonologist
  7834 | D:6      | Noticed a sun demon
  7838 | D:6      | Slain by a sun demon

Illustrated notes

Levels and vault maps discovered:
D:1:      dpeg_arrival_oval, layout_basic
D:2:      layout_loops_ring, serial_shops, nicolae_diamond_shop, shop,
          grunt_decor_mini_mirrors, uniq_crazy_yiuf_cottage
D:3:      layout_basic, grunt_temple_overflow_gold_and_silver, marbit_many_paths
D:4:      minmay_goblin_kobold_castle, layout_layer_cave,
          nicolae_ru_awakened_eye
D:5:      layout_rooms, lemuel_tele_altar, overflow_temple_1_default,
          serial_shops, kennysheep_little_box, bh_walls_and_bars
D:6:      layout_rooms, minmay_temple_entry_arrows, serial_shops,
          nicolae_stop_n_shop_2, nicolae_square_shop, shop,
          nicolae_shop_behind_doors, lemuel_flamethrower_2

Skill      XL: |  1  2  3  4  5  6  7  8 |
---------------+-------------------------+-----
Short Blades   | 3 4 5 6 7 9 |  9.6
Throwing       | 3 4 5 6 |  6.0
Fighting       | |  2.0
Dodging        | |  1.0
Stealth        | |  5.3

Action                   |  1- 3 |  4- 6 |  7- 9 || total
-------------------------+-------+-------+-------++-------
Melee: Dagger            |    50 |    38 |   186 ||   274
       Constrict         |    11 |    10 |    34 ||    55
       Tentacles         |     4 |     9 |    39 ||    52
Throw: Dart              |       |    12 |    39 ||    51
       Stone             |       |     7 |    22 ||    29
       Boomerang         |       |       |    19 ||    19
  Use: Scroll            |     1 |     2 |     2 ||     5
 Stab: Sleeping          |    17 |    10 |     5 ||    32
       Distracted        |       |       |     1 ||     1
Armor: Skin              |     4 |     6 |     4 ||    14
Dodge: Dodged            |    13 |    17 |    67 ||    97
